 Dungeon Crawl Stone Soup version 0.26.0-45-g9c1d065592 (webtiles) character file.

Game seed: 12336780330097325023

23 thiole the Stinger (level 2, -3/17 HPs)
             Began as an Octopode Venom Mage on Jan 27, 2021.
             Slain by a black bear (6 damage)
             ... on level 3 of the Dungeon.
             The game lasted 00:01:59 (2018 turns).

thiole the Stinger (Octopode Venom Mage)            Turns: 2018, Time: 00:02:00

Health: -3/17      AC:  1    Str:  7    XL:     2   Next: 95%
Magic:  0/5        EV: 13    Int: 17    God:
Gold:   136        SH:  0    Dex: 12    Spells: 4/5 levels left

rFire    . . .     SeeInvis .   (no weapon)
rCold    . . .     Faith    .   (no shield)
rNeg     . . .     Spirit   .   (helmet restricted)
rPois    .         Reflect  .   (no amulet)
rElec    .         Harm     .   (no ring)
rCorr    .         Rampage  .   (no ring)
Will     .....                  (no ring)
Stlth    +++.......             (no ring)
HPRegen  0.05/turn              (no ring)
MPRegen  0.09/turn              (no ring)
                                (no ring)
                                (no ring)

@: no status effects
A: almost no armour, stealthy swim, amphibious, 8 rings, constrict 8, camouflage
1, gelatinous body 1
a: no special abilities


You were on level 3 of the Dungeon.
You visited 1 branch of the dungeon, and saw 3 of its levels.

You collected 136 gold pieces.

Inventory:

Hand Weapons
 k - a +0 dagger
 l - a +2 dagger of venom
Missiles
 m - 12 stones
Scrolls
 a - a scroll of remove curse {unknown}
 b - 3 scrolls of identify {unknown}
 c - a scroll of enchant armour {unknown}
 d - 2 scrolls of amnesia {unknown}
 i - a scroll of immolation {unknown}
Potions
 e - 2 potions of lignification {unknown}
 f - a potion of cancellation {unknown}
 g - a potion of might {unknown}
 h - a potion of ambrosia {unknown}
 j - a potion of magic {unknown}


   Skills:
 - Level 2.0 Dodging
 + Level 3.1 Stealth
 + Level 2.2 Spellcasting
 + Level 1.7 Transmutations
 * Level 4.1 Poison Magic


You had 4 spell levels left.
You knew the following spells:

 Your Spells              Type           Power        Failure   Level
a - Sting                 Tmut/Pois      44%          6%          1

Your spell library contained the following spells:

 Spells                   Type           Power        Failure   Level
 Poisonous Vapours        Pois/Air       16%          12%         2
 Ignite Poison            Fire/Tmut/Pois 8%           26%         3
 Mephitic Cloud           Conj/Pois/Air  6%           32%         3
 Olgreb's Toxic Radiance  Pois           15%          34%         4


Dungeon Overview and Level Annotations

Branches:
Dungeon (3/15)

Altars:
Gozag
Ru
Wu Jian

Annotations:
D:3 Terence


Innate Abilities, Weirdness & Mutations

You cannot wear most types of armour.
You are very stealthy in the water. (Stealth+)
You are amphibious.
You can wear up to eight rings at the same time.
You can use your tentacles to constrict eight enemies at once.
Your skin changes colour to match your surroundings (Stealth+).
Your rubbery body absorbs attacks. (AC +1, EV +1)


Message History

Confirm with . or Enter, or press ? or * to list all spells.
Aiming: Sting (safe; 6% risk of failure)
Press: ? - help, Shift-Dir - straight line, f/p - black bear
Aim: a black bear (heavily wounded, very poisoned, 21% to evade)
The sting hits the black bear.
The black bear looks even sicker.
The black bear is heavily wounded.
The black bear bites you!
* * * LOW HITPOINT WARNING * * *
The black bear barely misses you. x2
The black bear goes berserk!
Your magical contamination has completely faded away.
Casting: Sting (safe; 6% risk of failure)
Confirm with . or Enter, or press ? or * to list all spells.
Aiming: Sting (safe; 6% risk of failure)
Press: ? - help, Shift-Dir - straight line, f/p - black bear
Aim: a black bear (almost dead, berserk, very poisoned, 21% to evade)
The sting hits the black bear.
The black bear looks even sicker.
The black bear is almost dead.
The black bear barely misses you. The black bear claws you.
You die...

$.. ..... l...
###.......#
...####..........
..#.#(........#
#†#.#........#
#.#.........#
#.#........##.##
+#........[.....
#...#....h@..#
#...)....#...##
#.#...#####...#
#.#.... #...#
#.#... #####
#.#.... .#.....
.#..


You could see a black bear (berserk, very poisoned).

Vanquished Creatures
  A dart slug (D:1)
  A leopard gecko (D:1)
  2 bats
  3 goblins (D:2)
  2 hobgoblins
  2 frilled lizards
  6 kobolds
  3 rats (D:1)
20 creatures vanquished.

Notes
Turn   | Place    | Note
-------+----------+-------------------------------------------
     0 | D:1      | thiole the Octopode Venom Mage began the quest for the Orb.
     0 | D:1      | Reached XP level 1. HP: 11/11 MP: 3/3
   415 | D:1      | Reached XP level 2. HP: 17/17 MP: 0/5
   600 | D:1      | Reached skill level 4 in Poison Magic
  1055 | D:2      | Found an opulent altar of Gozag.
  1309 | D:2      | Found a faded altar of an unknown god.
  1814 | D:2      | Found an ornate altar of the Wu Jian Council.
  1842 | D:2      | Found a sacrificial altar of Ru.
  2004 | D:3      | Noticed Terence
  2005 | D:3      | Noticed a black bear
  2018 | D:3      | Slain by a black bear

Illustrated notes

Levels and vault maps discovered:
D:1:      amcnicky_arrival_feature_with_door, layout_loops_ring,
          roderic_lattice_a
D:2:      layout_basic, old_standard_altar, nicolae_ru_path_of_blood,
          marbit_many_paths, chequers_ecumenical_altar_island
D:3:      layout_basic, ashenzari_conservatory_becter, uniq_terence

Skill      XL: |  1  2 |
---------------+-------+-----
Poison Magic   | 4 |  4.1
Stealth        | 3 |  3.1
Dodging        | |  2.0
Spellcasting   | |  2.2
Transmutations | |  1.7

Action                   || total
-------------------------++-------
Melee: Unarmed           ||    13
       Constrict         ||     4
       Tentacles         ||     3
 Cast: Sting             ||    36
Armor: Skin              ||     2
Dodge: Dodged            ||    15
